 Dungeon Crawl Stone Soup version 0.27-a0-1181-g5f64966fcc (webtiles) character file.

Game seed: 17928259015332240333

9 Mesmaeker13 the Caller (level 2, -1/19 HPs)
             Began as a Mummy Summoner on May 17, 2021.
             Slain by a quokka (2 damage)
             ... on level 1 of the Dungeon.
             The game lasted 00:01:03 (571 turns).

Mesmaeker13 the Caller (Mummy Summoner)              Turns: 571, Time: 00:01:04

Health: -1/19      AC:  2    Str: 11    XL:     2   Next: 3%
Magic:  1/6        EV: 12    Int: 14    God:
Gold:   13         SH:  0    Dex: 12    Spells: 6/7 levels left

rFire    x . .     SeeInvis .   b - +0 short sword
rCold    + . .     Faith    .   (no shield)
rNeg     + + +     Spirit   .   a - +0 robe
rPois    ∞         Reflect  .   (no helmet)
rElec    .         Harm     .   (no cloak)
rCorr    .         Rampage  .   (no gloves)
Will     .....                  (no boots)
Stlth    ++........             (no amulet)
HPRegen  0.06/turn              (no ring)
MPRegen  0.10/turn              (no ring)

@: no status effects
A: cold resistance 1, negative energy resistance 3, torment resistance 2, heat
vulnerability 1, no potions
a: no special abilities


You were on level 1 of the Dungeon.
You visited 1 branch of the dungeon, and saw 1 of its levels.

You collected 13 gold pieces.

Inventory:

Hand Weapons
 b - a +0 short sword (weapon)
Armour
 a - a +0 robe (worn)


   Skills:
 + Level 1.8 Dodging
 - Level 1.5 Stealth
 + Level 3.0 Spellcasting
 + Level 3.4 Summonings


You had 6 spell levels left.
You knew the following spells:

 Your Spells              Type           Power      Damage    Failure   Level
a - Summon Small Mammal   Summ           44%        N/A       5%          1

Your spell library contained the following spells:

 Spells                   Type           Power      Damage    Failure   Level
 Call Imp                 Summ           11%        N/A       8%          2
 Call Canine Familiar     Summ           11%        N/A       16%         3
 Summon Guardian Golem    Hex/Summ       6%         N/A       32%         3
 Summon Ice Beast         Ice/Summ       6%         N/A       71%         4
 Summon Lightning Spire   Summ/Air       6%         N/A       71%         4


Dungeon Overview and Level Annotations

Branches:
Dungeon (1/15)

Altars:


Innate Abilities, Weirdness & Mutations

You are immune to poison.
Your flesh is cold resistant. (rC+)
You are immune to negative energy. (rN+++)
You are immune to unholy pain and torment.
You are vulnerable to heat. (rF-)
You do not drink.


Message History

Your bat closely misses the quokka.
The quokka bites you.
* * * LOW HITPOINT WARNING * * *
Your bat misses the quokka.
Your rat bites the hobgoblin.
The quokka bites you but does no damage.
Your bat hits the quokka. You hit the quokka but do no damage.
The quokka is lightly wounded.
Your bat closely misses the quokka.
The quokka misses you. Something hits your rat.
Your rat dies!
Your rat's corpse disappears in a puff of smoke!
You barely miss the quokka.
The quokka is lightly wounded.
The quokka bites you but does no damage.
The quokka closely misses you.
You closely miss the quokka.
The quokka is lightly wounded.
Your bat misses the quokka. The quokka barely misses you.
You barely miss the quokka.
The quokka is lightly wounded.
Your bat closely misses the quokka.
Your bat hits the quokka. The quokka closely misses you.
Your bat hits the quokka but does no damage.
You closely miss the quokka.
The quokka is moderately wounded.
Your bat hits the quokka.
Your bat barely misses the quokka.
The quokka barely misses you. The quokka bites you.
* * * LOW HITPOINT WARNING * * *
You hit the quokka but do no damage.
The quokka is heavily wounded.
Your bat barely misses the quokka.
The quokka barely misses you.
Your bat closely misses the hobgoblin.
Unknown command.
Your bat closely misses the hobgoblin.
The hobgoblin misses something.
Casting: Summon Small Mammal (safe; 5% risk of failure)
Confirm with . or Enter, or press ? or * to list all spells.
Your bat hits the quokka but does no damage.
The quokka barely misses you. x2
Your bat barely misses the quokka. x2; The quokka bites you.
You die...

#.....##.##.....#####.
.....##.##...........
....##.##......####.
#+#..##.###'#+#.†....
#.#..##.###...#.#####
#.#............r....#
#....r...............
#....##.#.....#..##.#
#...@##.#.#.#.#..##.#
#...r##.#.#.#.#..##.#
#...>b.g...........r.
#.#####.#.#.#.#..##.#
######.......#.#......##..
#...........r#.#####......
#........†.r.#.r.§.....#..
#............######.....#.
######.......# ####.b.....


You could see a quokka (ally target), a friendly quokka (summoned) and a
friendly bat (summoned).

Vanquished Creatures
  A ball python (D:1)
  A bat (D:1)
  2 rats (D:1)
4 creatures vanquished.

Vanquished Creatures (collateral kills)
  An endoplasm (D:1)
  A quokka (D:1)
  A ball python (D:1)
  3 bats (D:1)
  A kobold (D:1)
7 creatures vanquished.

Grand Total: 11 creatures vanquished

Notes
Turn   | Place    | Note
-------+----------+-------------------------------------------
     0 | D:1      | Mesmaeker13 the Mummy Summoner began the quest for the Orb.
     0 | D:1      | Reached XP level 1. HP: 13/13 MP: 4/4
   545 | D:1      | Reached XP level 2. HP: 7/19 MP: 1/6
   571 | D:1      | Slain by a quokka

Illustrated notes

Levels and vault maps discovered:
D:1:      dpeg_arrival_more_subterranean_lakeside_camping, layout_basic,
          minmay_lizard_king

Skill      XL: |  1 |
---------------+----+-----
Spellcasting   | 3 |  3.0
Dodging        | |  1.8
Stealth        | |  1.5
Summonings     | |  3.4

Action                   || total
-------------------------++-------
Melee: Unarmed           ||    13
       Short sword       ||     6
 Cast: Summon Small Mamm ||    26
Armor: Robe              ||    17
Dodge: Dodged            ||    49

Table legend: (Time is in decaauts)
 A = Elapsed time spent in this place.
 B = Non-inter-level travel time spent in this place.
 C = Inter-level travel time spent in this place.
 D = Time resting spent in this place.
 E = Time spent auto-exploring this place.
 F = Levels seen in this place.
 G = Mean time per level.
                   A        B        C        D        E       F      G
               +--------+--------+--------+--------+--------+-----+--------+
         Total |    571 |    571 |      0 |     39 |    338 |   1 |  571.0 |
       Dungeon |    571 |    571 |      0 |     39 |    338 |   1 |  571.0 |
               +--------+--------+--------+--------+--------+-----+--------+

Top non-repeatable levels by time:
     D:1: 571 daAuts
